 Dungeon Crawl Stone Soup version 0.28-a0-1629-gf728b707aa (webtiles) character file.

Game seed: 5549941743400809762

15243 inmateoo the Thaumaturge (level 12, -20/94 HPs)
             Began as a Gnoll Wanderer on Jan 24, 2022.
             Was an Initiate of Gozag.
             Demolished by a komodo dragon (23 damage)
             ... on level 1 of the Lair of Beasts.
             The game lasted 00:20:04 (15900 turns).

inmateoo the Thaumaturge (Gnoll Wanderer)          Turns: 15900, Time: 00:20:05

Health: -20/94     AC: 14    Str: 17    XL:     12   Next: 25%
Magic:  34/34      EV: 13    Int: 20    God:    Gozag
Gold:   3632       SH:  6    Dex: 11    Spells: 11/28 levels left

rFire   . . .      SeeInvis .   a - +3 mace (venom)
rCold   + . .      Faith    .   v - +1 buckler {AC+3}
rNeg    + . .      Spirit   .   e - +1 ring mail {rN+}
rPois   .          Reflect  .   s - +3 hat of Pondering {ponderous, Will+ MP+10 Int+5}
rElec   .          Harm     .   (no cloak)
rCorr   .          Rampage  .   w - +0 pair of gloves {Dex+3}
Will    ++...                   (no boots)
Stlth   +++.......              (no amulet)
HPRegen 0.25/turn               i - ring of willpower
MPRegen 0.24/turn               f - ring of protection from cold

@: gold aura, slow
A: fangs 1, strong nose, distributed training
a: Renounce Religion, Potion Petition, Call Merchant, Bribe Branch


You were on level 1 of the Lair of Beasts.
You worshipped Gozag.
Gozag was most pleased with you.
You visited 2 branches of the dungeon, and saw 12 of its levels.
You also visited: Sewer.

You collected 4457 gold pieces.
You spent 791 gold pieces at shops.
You paid 34 gold pieces to Gozag.

Inventory:

Hand Weapons
 a - a +3 mace of venom (weapon)
 p - a +0 falchion of holy wrath
Missiles
 b - 43 poisoned darts (quivered)
 A - 2 curare-tipped darts
Armour
 e - a +1 ring mail of positive energy (worn)
 s - the +3 hat of Pondering (worn) {ponderous, Will+ MP+10 Int+5}
   (You acquired it on level 5 of the Dungeon)

   Int:       It affects your intelligence (+5).
   MP:        It affects your magic capacity (+10).
   Will:      It increases your willpower.
 v - a +1 buckler of protection (worn)
 w - a +0 pair of gloves of dexterity (worn)
Jewellery
 f - a ring of protection from cold (right hand)
 i - a ring of willpower (left hand)
 o - a ring of positive energy
Wands
 B - a wand of digging (5)
 C - a wand of flame (23)
 F - a wand of iceblast (5)
Scrolls
 c - a scroll of fog
 d - 2 scrolls of identify
 k - a scroll of enchant weapon
 q - a scroll of enchant armour
 r - 3 scrolls of teleportation
Potions
 g - 2 potions of flight
 h - a potion of cancellation
 j - 3 potions of curing {unknown}
 l - 2 potions of brilliance
 m - 3 potions of attraction
 n - a potion of might
 t - 2 potions of ambrosia
 u - a potion of lignification
 x - a potion of berserk rage {unknown}
 D - a potion of invisibility
 E - a potion of heal wounds


   Skills:
 + Level 8.5 Fighting
 + Level 7.1 Short Blades
 + Level 7.1 Long Blades
 + Level 7.1 Axes
 + Level 8.5 Maces & Flails
 + Level 7.1 Polearms
 + Level 7.1 Staves
 + Level 7.1 Slings
 + Level 7.1 Bows
 + Level 7.1 Crossbows
 + Level 7.6 Throwing
 + Level 7.1 Armour
 + Level 7.6 Dodging
 + Level 7.1 Stealth
 + Level 7.1 Shields
 + Level 7.1 Unarmed Combat
 + Level 8.8 Spellcasting
 + Level 5.9 Conjurations
 + Level 5.9 Hexes
 + Level 5.9 Summonings
 + Level 5.9 Necromancy
 + Level 5.9 Translocations
 + Level 5.9 Transmutations
 + Level 5.9 Fire Magic
 + Level 5.9 Ice Magic
 + Level 7.1 Air Magic
 + Level 5.9 Earth Magic
 + Level 5.9 Poison Magic
 + Level 7.8 Invocations
 + Level 7.1 Evocations


You had 11 spell levels left.
You knew the following spells:

 Your Spells              Type           Power      Damage    Failure   Level
a - Shock                 Conj/Air       100%       1d9       1%          1
b - Frozen Ramparts       Ice            64%        1d8       4%          3
c - Lee's Rapid Deconstr  Erth           16%        3d11*     38%         5
d - Maxwell's Capacitive  Air            18%        ∞         100%        8

Your spell library contained the following spells:

 Spells                   Type           Power      Damage    Failure   Level
 Pain                     Necr           100%       1d9       1%          1
 Static Discharge         Conj/Air       34%        N/A       1%          2
 Mephitic Cloud           Conj/Pois/Air  34%        N/A       3%          3
 Ozocubu's Armour         Ice            32%        N/A       4%          3
 Fulminant Prism          Conj/Hex       16%        3d11      14%         4
 Ice Form                 Ice/Tmut       32%        N/A       14%         4
 Iskenderun's Mystic Bla  Conj/Tloc      32%        2d8       14%         4
 Summon Ice Beast         Ice/Summ       32%        N/A       14%         4
 Lightning Bolt           Conj/Air       17%        1d31      32%         5
 Agony                    Necr           32%        N/A       38%         5
 Excruciating Wounds      Necr           16%        N/A       38%         5
 Metabolic Englaciation   Hex/Ice        16%        N/A       38%         5
 Simulacrum               Ice/Necr       16%        N/A       92%         6


Dungeon Overview and Level Annotations

Branches:
Dungeon (11/15)            Temple (0/1) D:5            Lair (1/6) D:8
    Orc (0/2) D:9           Sewer (visited)

Altars:
Dithmenos
Gozag
Kikubaaqudgha
Sif Muna
Trog
Vehumet
Lugonu

Shops:
D:2 =   D:6 [

Annotations:
D:8 2 transporters


Innate Abilities, Weirdness & Mutations

You have very sharp teeth.
Your uncanny sense of smell can sniff out nearby items.
Your experience applies equally to all skills.


Message History

The komodo dragon is no longer distracted by gold.
There is an escape hatch in the floor here.
You start resting.
A komodo dragon is nearby!
Aiming: Corrosive Bolt
Press: ? - help, Shift-Dir - straight line, f - komodo dragon
Aim: a komodo dragon (81% to hit)
The bolt of acid hits the komodo dragon!!
The komodo dragon is heavily wounded.
The now-empty wand crumbles to dust.
That's the wrong kind of item! (Use * to select it.) Evoke which item? (* to show all) (? for menu, Esc to quit)
You don't have any such object.
Evoke which item? (* to show all) (? for menu, Esc to quit)
Okay, then.
Aiming: Iceblast
Press: ? - help, Shift-Dir - straight line, f/p - komodo dragon
Aim: a komodo dragon (heavily wounded)
The mass of ice explodes!
The iceblast engulfs the komodo dragon!
The komodo dragon is severely wounded.
Unknown command.
Unknown command.
You completely miss the komodo dragon.
You bite the komodo dragon, but do no damage.
The komodo dragon is severely wounded.
The komodo dragon bites you.
* * * LOW HITPOINT WARNING * * *
Unknown command.
You barely miss the komodo dragon.
You bite the komodo dragon, but do no damage.
The komodo dragon is severely wounded.
The komodo dragon bites you!!
* * * LOW HITPOINT WARNING * * *
Unknown command.
You sock the komodo dragon!
The komodo dragon is poisoned.
Your bite misses the komodo dragon.
The komodo dragon is almost dead.
The komodo dragon bites you!!
You die...
Your body crumbles into a pile of gold.

#.#.. ....# ...##.##.
#.#.##...##...........
#.....$...............
##.....................
#P.....................
##.....................
#....+#.###............
#...P.l....... ..####.#
##....@...#..... ###.#
#........#...... #....
#........#......##....
#..#.....+......##....
#..#............###.##
#........#.......#..#.
##...######............
#......................
##.....................


You could see a komodo dragon (very poisoned).

Vanquished Creatures
  A boulder beetle (D:11)
  4 two-headed ogres
  Maurice (D:8)
  A gargoyle (D:5)
  A cane toad (Lair:1)
  A komodo dragon (Lair:1)
  A hornet (D:10)
  A meliai zombie (D:10)
  Sigmund (D:3)
  A shadow (D:8)
  2 wyverns
  2 wraiths
  A basilisk (Lair:1)
  23 yaks
  2 steam dragons
  3 wargs (D:8)
  Duvessa (D:4)
  An acid dragon (D:10)
  3 water moccasins
  2 sky beasts
  4 black bears
  3 orc warriors
  4 ogres
  4 centaurs
  3 phantoms
  9 bullfrogs
  3 kobold brigands
  A gnoll sergeant (D:10)
  A scorpion (D:6)
  A wyvern skeleton (D:7)
  Dowan (D:4)
  13 killer bees
  An electric eel (D:8)
  A howler monkey (D:10)
  A lava snake (D:10)
  3 centaur zombies
  2 hounds
  2 centaur skeletons
  10 orc priests
  2 gnoll shamans
  2 iguanas
  Natasha (thrice) (D:4)
  18 orc wizards
  A hell rat (Sewer)
  A killer bee zombie (D:5)
  A howler monkey zombie (D:8)
  15 gnolls
  3 river rats (Sewer)
  11 adders
  A white imp (D:6)
  2 ufetubi
  2 worms (D:3)
  3 dart slugs
  34 orcs
  4 endoplasms
  2 giant cockroaches
  6 goblins
  11 hobgoblins
  4 jackals (D:3)
  13 kobolds
  3 quokkas
  4 ball pythons
  2 bats
  3 frilled lizards
  10 rats
281 creatures vanquished.

Vanquished Creatures (others)
  An orc wizard (D:8)
  3 fungi (Lair:1)
  3 plants
7 creatures vanquished.

Grand Total: 288 creatures vanquished

Notes
Turn   | Place    | Note
-------+----------+-------------------------------------------
     0 | D:1      | inmateoo the Gnoll Wanderer began the quest for the Orb.
     0 | D:1      | inmateoo set off with the following items: a +2 mace, 9
                  | poisoned darts, a +0 dagger, a +0 leather armour; and the
                  | following spell memorised: Shock; and the following spells
                  | available to memorise: Mephitic Cloud
     0 | D:1      | Reached XP level 1. HP: 20/20 MP: 6/6
   349 | D:1      | Found a faded altar of an unknown god.
   353 | D:1      | Reached XP level 2. HP: 23/26 MP: 7/7
   625 | D:2      | Found Jonokoam's Jewellery Shoppe.
   850 | D:2      | Reached skill level 5 in Spellcasting
   850 | D:2      | Reached XP level 3. HP: 20/31 MP: 7/9
   863 | D:2      | Reached skill level 1 in Invocations
  1517 | D:3      | Noticed Sigmund
  1538 | D:3      | Killed Sigmund
  1539 | D:3      | Reached skill level 1 in Short Blades
  1539 | D:3      | Reached skill level 1 in Long Blades
  1539 | D:3      | Reached skill level 1 in Axes
  1539 | D:3      | Reached skill level 1 in Polearms
  1539 | D:3      | Reached skill level 1 in Staves
  1539 | D:3      | Reached skill level 1 in Slings
  1539 | D:3      | Reached skill level 1 in Bows
  1539 | D:3      | Reached skill level 1 in Crossbows
  1539 | D:3      | Reached skill level 1 in Armour
  1539 | D:3      | Reached skill level 1 in Stealth
  1539 | D:3      | Reached skill level 1 in Shields
  1539 | D:3      | Reached skill level 1 in Unarmed Combat
  1539 | D:3      | Reached skill level 1 in Conjurations
  1539 | D:3      | Reached skill level 1 in Hexes
  1539 | D:3      | Reached skill level 1 in Summonings
  1539 | D:3      | Reached skill level 1 in Necromancy
  1539 | D:3      | Reached skill level 1 in Translocations
  1539 | D:3      | Reached skill level 1 in Transmutations
  1539 | D:3      | Reached skill level 1 in Fire Magic
  1539 | D:3      | Reached skill level 1 in Ice Magic
  1539 | D:3      | Reached skill level 1 in Earth Magic
  1539 | D:3      | Reached skill level 1 in Poison Magic
  1539 | D:3      | Reached skill level 1 in Evocations
  1539 | D:3      | Reached XP level 4. HP: 5/38 MP: 11/11
  1539 | D:3      | Reached XP level 5. HP: 6/43 MP: 12/12
  1696 | D:3      | Found an ancient bone altar of Kikubaaqudgha.
  1704 | D:3      | Reached XP level 6. HP: 21/50 MP: 13/13
  1710 | D:3      | Found a shimmering blue altar of Sif Muna.
  1868 | D:3      | Identified a scroll of acquirement
  1868 | D:3      | Acquired 888 gold pieces
  1948 | D:3      | Reached skill level 5 in Fighting
  1948 | D:3      | Reached skill level 5 in Maces & Flails
  1966 | D:3      | Found a glowing drain.
  2001 | Sewer    | Entered a sewer
  2176 | Sewer    | Reached XP level 7. HP: 56/56 MP: 15/15
  2552 | D:3      | Found a radiant altar of Vehumet.
  2990 | D:4      | Found an opulent altar of Gozag.
  2999 | D:4      | Became a worshipper of Gozag Ym Sagoz the Greedy
  3608 | D:4      | Noticed Duvessa
  3608 | D:4      | Noticed Dowan
  3628 | D:4      | Killed Duvessa
  3878 | D:3      | Reached XP level 8. HP: 41/63 MP: 16/16
  4234 | D:4      | Noticed Natasha
  4243 | D:4      | Killed Natasha
  4443 | D:4      | Noticed Natasha
  4459 | D:4      | Killed Natasha
  4462 | D:4      | Killed Dowan
  4535 | D:4      | Noticed Natasha
  4547 | D:4      | Killed Natasha
  4701 | D:5      | Entered Level 5 of the Dungeon
  5392 | D:5      | Noticed a gargoyle
  5409 | D:5      | Killed a gargoyle
  5631 | D:5      | Found a staircase to the Ecumenical Temple.
  5637 | D:5      | Reached XP level 9. HP: 61/69 MP: 18/18
  5650 | D:5      | Reached skill level 5 in Air Magic
  6184 | D:5      | Acquired the +3 hat of Pondering {ponderous, Will+ MP+10
                  | Int+5}
  6184 | D:5      | Found the +3 hat of Pondering {ponderous, Will+ MP+10
                  | Int+5}
  6197 | D:5      | Acquired a ring of protection from cold
  6199 | D:5      | Acquired 1228 gold pieces
  6486 | D:6      | Found Errubon's Antique Armour Emporium.
  6494 | D:6      | Bought a steaming ring mail for 297 gold pieces
  6494 | D:6      | Identified the +1 ring mail of Duck's Teeth {Will- rCorr
                  | MP+9 Stlth+} (You bought it in a shop on level 6 of the
                  | Dungeon)
  6494 | D:6      | Bought a glowing buckler for 247 gold pieces
  6494 | D:6      | Bought a pair of runed gloves for 247 gold pieces
  7251 | D:6      | Reached skill level 5 in Throwing
  7251 | D:6      | Reached skill level 5 in Dodging
  7669 | D:7      | Noticed a two-headed ogre
  7679 | D:7      | Killed a two-headed ogre
  7680 | D:7      | Reached skill level 5 in Invocations
  7836 | D:7      | Reached XP level 10. HP: 77/77 MP: 20/20
  7952 | D:7      | Learned a level 3 spell: Frozen Ramparts
  8180 | D:7      | Reached skill level 5 in Short Blades
  8180 | D:7      | Reached skill level 5 in Long Blades
  8180 | D:7      | Reached skill level 5 in Axes
  8180 | D:7      | Reached skill level 5 in Polearms
  8180 | D:7      | Reached skill level 5 in Staves
  8180 | D:7      | Reached skill level 5 in Slings
  8180 | D:7      | Reached skill level 5 in Bows
  8180 | D:7      | Reached skill level 5 in Crossbows
  8180 | D:7      | Reached skill level 5 in Armour
  8180 | D:7      | Reached skill level 5 in Stealth
  8180 | D:7      | Reached skill level 5 in Shields
  8180 | D:7      | Reached skill level 5 in Unarmed Combat
  8180 | D:7      | Reached skill level 5 in Evocations
  8751 | D:8      | Noticed a two-headed ogre
  8762 | D:8      | Killed a two-headed ogre
  9189 | D:8      | Found a transporter.
  9219 | D:8      | Noticed Maurice
  9225 | D:8      | Killed Maurice
  9251 | D:8      | Reached XP level 11. HP: 16/84 MP: 22/22
  9561 | D:8      | Found a staircase to the Lair.
  9806 | D:8      | Noticed a two-headed ogre
  9817 | D:8      | Killed a two-headed ogre
  9818 | D:8      | Reached skill level 5 in Conjurations
  9818 | D:8      | Reached skill level 5 in Hexes
  9818 | D:8      | Reached skill level 5 in Summonings
  9818 | D:8      | Reached skill level 5 in Necromancy
  9818 | D:8      | Reached skill level 5 in Translocations
  9818 | D:8      | Reached skill level 5 in Transmutations
  9818 | D:8      | Reached skill level 5 in Fire Magic
  9818 | D:8      | Reached skill level 5 in Ice Magic
  9818 | D:8      | Reached skill level 5 in Earth Magic
  9818 | D:8      | Reached skill level 5 in Poison Magic
  9992 | D:8      | Found a corrupted altar of Lugonu.
  9992 | D:8      | Noticed a white ugly thing
 10046 | D:8      | Found a transporter.
 10232 | D:8      | Noticed a white ugly thing
 11715 | D:9      | Found a staircase to the Orcish Mines.
 11736 | D:9      | Found a bloodstained altar of Trog.
 12417 | D:10     | Entered Level 10 of the Dungeon
 12571 | D:10     | Learned a level 5 spell: Lee's Rapid Deconstruction
 12588 | D:10     | Found a shadowy altar of Dithmenos.
 12775 | D:10     | Noticed a two-headed ogre
 12784 | D:10     | Killed a two-headed ogre
 14004 | D:10     | Learned a level 8 spell: Maxwell's Capacitive Coupling
 14294 | D:11     | Noticed a six-headed hydra
 14465 | D:11     | Noticed a boulder beetle
 14480 | D:11     | Killed a boulder beetle
 14481 | D:11     | Reached XP level 12. HP: 73/94 MP: 24/24
 14987 | Lair:1   | Entered Level 1 of the Lair of Beasts
 15899 | Lair:1   | HP: 3/94 [komodo dragon (18)]
 15900 | Lair:1   | Demolished by a komodo dragon

Illustrated notes

Levels and vault maps discovered:
D:1:      saegor_arrival_miasma, layout_loops_ring,
          shapermc_ecumenical_altar_totnotflames
D:2:      layout_loops_ring, serial_shops, shop, chequers_arboretum
D:3:      layout_loops_ring, palyth_temple_overflow_mages, portal_sewer_entry_b,
          uniq_sigmund
D:4:      layout_rooms, lemuel_tele_altar, uniq_natasha, uniq_duvessa
D:5:      layout_basic, minmay_temple_entry_statues_fountains
D:6:      layout_basic, minmay_shop_grid_forest
D:7:      layout_rooms
D:8:      gammafunk_corrupted_shrine, layout_cave_pods,
          erik_lair_orcish_takeover, serial_rivers,
          chequers_serial_rivers_micro_b, chequers_serial_rivers_small_3,
          chequers_serial_rivers_small_b, chequers_serial_rivers_small_b,
          chequers_serial_rivers_micro_a, chequers_serial_rivers_room_b,
          minmay_crystal_water, uniq_maurice
D:9:      layout_gridville, trog_three_pillars_becter, erik_orc_4
D:10:     layout_irregular_city, mainiacjoe_overflow_boulevard,
          grunt_ministairs_15, kennysheep_big_empty_room, minmay_circle_x
D:11:     minmay_angry_zag, layout_long_grid, serial_shops,
          nicolae_shop_crystal, grunt_decor_cap, uniq_gastronok
Lair:1:   layout_regular_city, beast_lair_carwin_2

Skill      XL: |  1  2  3  4  5  6  7  8  9 10 11 12 |
---------------+-------------------------------------+-----
Spellcasting   | 5 6 7 8 |  8.8
Invocations    | 1 2 3 4 5 6 7 |  7.8
Short Blades   | 1 2 3 4 5 6 7 |  7.1
Long Blades    | 1 2 3 4 5 6 7 |  7.1
Axes           | 1 2 3 4 5 6 7 |  7.1
Polearms       | 1 2 3 4 5 6 7 |  7.1
Staves         | 1 2 3 4 5 6 7 |  7.1
Slings         | 1 2 3 4 5 6 7 |  7.1
Bows           | 1 2 3 4 5 6 7 |  7.1
Crossbows      | 1 2 3 4 5 6 7 |  7.1
Throwing       | 3 4 5 6 7 |  7.6
Armour         | 1 2 3 4 5 6 7 |  7.1
Dodging        | 3 4 5 6 7 |  7.6
Stealth        | 1 2 3 4 5 6 7 |  7.1
Shields        | 1 2 3 4 5 6 7 |  7.1
Unarmed Combat | 1 2 3 4 5 6 7 |  7.1
Conjurations   | 1 2 3 4 5 |  5.9
Hexes          | 1 2 3 4 5 |  5.9
Summonings     | 1 2 3 4 5 |  5.9
Necromancy     | 1 2 3 4 5 |  5.9
Translocations | 1 2 3 4 5 |  5.9
Transmutations | 1 2 3 4 5 |  5.9
Fire Magic     | 1 2 3 4 5 |  5.9
Ice Magic      | 1 2 3 4 5 |  5.9
Air Magic      | 4 5 6 7 |  7.1
Earth Magic    | 1 2 3 4 5 |  5.9
Poison Magic   | 1 2 3 4 5 |  5.9
Evocations     | 1 2 3 4 5 6 7 |  7.1
Fighting       | 5 6 7 8 |  8.5
Maces & Flails | 5 6 7 8 |  8.5

Action                   |  1- 3 |  4- 6 |  7- 9 | 10-12 || total
-------------------------+-------+-------+-------+-------++-------
Melee: Mace              |    68 |    79 |   337 |   681 ||  1165
       Bite              |     2 |    10 |    28 |    82 ||   122
       Punch             |     1 |     3 |     2 |       ||     6
       Unarmed           |       |       |    12 |       ||    12
Throw: Dart              |     7 |    10 |     7 |       ||    24
 Cast: Shock             |       |     1 |     3 |       ||     4
       Frozen Ramparts   |       |       |       |     5 ||     5
Evoke: Wand              |       |       |     5 |    21 ||    26
  Use: Scroll            |       |     6 |    13 |     8 ||    27
       Potion            |       |       |     2 |       ||     2
 Stab: Sleeping          |       |       |     7 |     9 ||    16
       Paralysed         |       |       |     5 |    27 ||    32
       Distracted        |       |       |     1 |     5 ||     6
Armor: Leather armour    |    12 |    15 |    83 |       ||   110
       Skin              |       |       |     4 |       ||     4
       Ring mail         |       |       |    42 |   373 ||   415
Dodge: Dodged            |    43 |    43 |   224 |   382 ||   692
Block: Buckler           |       |       |    58 |   231 ||   289

Table legend: (Time is in decaauts)
 A = Elapsed time spent in this place.
 B = Non-inter-level travel time spent in this place.
 C = Inter-level travel time spent in this place.
 D = Time resting spent in this place.
 E = Time spent auto-exploring this place.
 F = Levels seen in this place.
 G = Mean time per level.
                   A        B        C        D        E       F      G
               +--------+--------+--------+--------+--------+-----+--------+
         Total |  16486 |  16107 |    379 |   7055 |   5381 |  13 | 1268.2 |
       Dungeon |  15334 |  14956 |    378 |   6474 |   5088 |  11 | 1394.0 |
          Lair |    946 |    946 |      0 |    476 |    293 |   1 |  946.0 |
         Sewer |    205 |    205 |      0 |    105 |      0 |   1 |  205.0 |
               +--------+--------+--------+--------+--------+-----+--------+

Top non-repeatable levels by time:
     D:8: 3563 daAuts
    D:10: 1901 daAuts
     D:5: 1697 daAuts
     D:3: 1680 daAuts
     D:6: 1348 daAuts
     D:4: 1347 daAuts
     D:9: 1211 daAuts
  Lair:1: 946 daAuts
     D:2: 904 daAuts
     D:7: 895 daAuts
     D:1: 622 daAuts
   Sewer: 205 daAuts
    D:11: 161 daAuts
